 Dungeon Crawl Stone Soup version 0.14-a0-882-gdff4d47 (webtiles) character file.

64 Malachi the Practitioner (level 2, 0/23 HPs)
             Began as a Djinni Healer on Nov 17, 2013.
             Was a Believer of Elyvilon.
             Succumbed to an adder's poison
             ... on Level 1 of the Dungeon.
             The game lasted 00:03:45 (1451 turns).

Malachi the Practitioner (Djinni Healer)            Turns: 1451, Time: 00:03:45

HP   0/23        AC  7     Str 12      XL: 2   Next: 96%
MP   0/0         EV  7     Int 12      God: Elyvilon [**....]
Gold 36          SH  0     Dex 12      Spells:  0 memorised,  1 level left

Res.Fire  : + + +   See Invis. : .   g - -3,-1 club (curse)
Res.Cold  : x . .   Warding    : .   k - +1 scale mail
Life Prot.: + + +   Conserve   : .   (no shield)
Res.Poison: .       Res.Corr.  : .   (no helmet)
Res.Elec. : .       Clarity    : .   (no cloak)
Sust.Abil.: . .     Spirit.Shd : .   (no gloves)
Res.Mut.  : .       Stasis     : .   (boots unavailable)
Res.Rott. : .       Flight     : +   (no amulet)
Saprovore : . . .                    (no ring)
                                     (no ring)

@: flying, mildly poisoned, very slightly contaminated, not resistant to hostile
enchantments, extremely unstealthy
A: fire immunity, cold vulnerability, life protection 3
a: Lesser Healing, Lesser Self-Healing, Divine Protection, Purification,
Renounce Religion


You were on level 1 of the Dungeon.
You worshipped Elyvilon.
Elyvilon was pleased with you.
You were not hungry.

You visited 1 branch of the dungeon, and saw 2 of its levels.

You collected 36 gold pieces.

Inventory:

Hand weapons
 d - a +2,+1 dagger of freezing
 g - a cursed -3,-1 club (weapon)
 j - a cursed -2,-2 elven short sword
Missiles
 f - 2 needles of sleeping
Armour
 a - a +1 robe
 k - a +1 scale mail (worn)
Potions
 b - a potion of curing
 c - a potion of heal wounds


   Skills:
 + Level 2.0 Fighting
 + Level 0.6 Maces & Flails
 + Level 0.2 Armour
 + Level 2.1 Dodging
 + Level 0.1 Stealth
 + Level 3.7 Invocations


You had one spell level left.
You didn't know any spells.

Dungeon Overview and Level Annotations

Branches:
Dungeon (2/16)

Altars:


Innate Abilities, Weirdness & Mutations

You are immune to all types of fire, even holy and hellish.
You are vulnerable to cold.
You need no food.
You have no legs.
You are immune to negative energy.


Message History

Use which ability? (? or * to list)
Press: ? - help, Dir - move target cursor, f - adder Heal: an adder (moderately wounded)
The light of Elyvilon fails to reach the adder.
You are very lightly contaminated with residual magic.
The adder barely misses you.
Use which ability? (? or * to list)
Press: ? - help, Dir - move target cursor, f/p - adder Heal: an adder (moderately wounded)
The light of Elyvilon fails to reach the adder.
* * * LOW HITPOINT WARNING * * *
You feel sick.
You feel a little better. The adder barely misses you.
Use which ability? (? or * to list)
Press: ? - help, Dir - move target cursor, f/p - adder Heal: an adder (moderately wounded) Elyvilon approves of your offer of peace.
The adder turns neutral.
You heal the adder.
The adder is completely healed.
You die...

####### #.#.........#
......##### ####.#.........#
###.......###.....§........#
...###......##...§.........#
......###....#....§§.......#
###......#...##.§#§........#
###.....#...#..#.........#
##....#.....S#.........#
##....#...#.@#..##.#####
###.....#...#..#..##.#
###......#...##.....##.####
......###....#............#
...###......##..........#.#
###.......###...........#.#
......#####............)#.#
#######................##.#
#.....#.............##.##.#


You could see a neutral adder (wandering).

Vanquished Creatures
  An ooze (D:1)
  3 giant cockroaches (D:1)
  A goblin (D:1)
  A kobold (D:1)
  2 bats (D:1)
  A rat (D:1)
9 creatures vanquished.

Vanquished Creatures (others)
  A bat (D:1)
  2 goblins (D:1)
  A hobgoblin (D:1)
  A jackal (D:1)
  A kobold (D:1)
6 creatures vanquished.

Grand Total: 15 creatures vanquished

Notes
Turn   | Place    | Note
--------------------------------------------------------------
     0 | D:1      | Malachi, the Djinni Healer, began the quest for the Orb.
     0 | D:1      | Reached XP level 1. HP: 16/16 MP: 0/0
   880 | D:1      | Reached XP level 2. EP: 23/23
  1451 | D:1      | Succumbed to an adder's poison

Action                   || total
-------------------------++-------
Melee: Unarmed           ||    17
       Club              ||    84
Invok: Lesser Healing    ||    38
  Use: Scroll            ||     5
